 Dungeon Crawl Stone Soup version 0.28.0-53-g5a82cb258f (webtiles) character file.

Game seed: 4351597849062334301

146230 issech the Fencer (level 16, -3/143 HPs)
             Began as a Minotaur Monk on May 28, 2022.
             Was the Champion of Hepliaklqana.
             Killed from afar by a deep elf sorcerer (21 damage)
             ... with a bolt of acid
             ... on level 3 of the Elven Halls.
             The game lasted 02:31:16 (28569 turns).

issech the Fencer (Minotaur Monk)                  Turns: 28569, Time: 02:31:16

Health: -3/143     AC: 33    Str: 19    XL:     16   Next: 89%
Magic:  15/15      EV:  9    Int:  4    God:    Hepliaklqana [******]
Gold:   1282       SH:  4    Dex: 18    Spells: 15/15 levels left

rFire   + . .      SeeInvis +   d - +8 long sword of Voriunn {freeze, rN+ Will++ SInv}
rCold   + . .      Faith    .   A - +0 buckler
rNeg    + + +      Spirit   .   I - +7 plate armour
rPois   .          Reflect  .   m - +1 hat {Will+}
rElec   .          Harm     .   t - +0 cloak
rCorr   .          Rampage  .   o - +3 pair of gauntlets of War {Slay+5}
Will    ++++.                   D - +3 pair of boots "Koagg" {rN+++ Regen+ Int-3 Stlth-}
Stlth   ..........              h - amulet of regeneration
HPRegen 1.93/turn               G - ring of protection from fire
MPRegen 0.14/turn               U - ring of protection from cold

@: corroded
A: reduced essence, horns 2, retaliatory headbutt
a: Renounce Religion, Recall Ancestor, Ancestor Identity, Transference, Idealise


You were on level 3 of the Elven Halls.
You worshipped Hepliaklqana.
Hepliaklqana was exalted by your worship.
You visited 5 branches of the dungeon, and saw 24 of its levels.
You also visited: Bailey and Ice Cave.

You collected 2517 gold pieces.
You spent 1235 gold pieces at shops.

Inventory:

Hand Weapons
 d - the +8 long sword of Voriunn (weapon) {freeze, rN+ Will++ SInv}
   (You found it on level 4 of the Dungeon)

   It freezes those it strikes, dealing additional cold damage.
   It can also slow down cold-blooded creatures.
   rN:        It protects you from negative energy.
   SInv:      It lets you see invisible.
   Will:      It greatly increases your willpower.
 i - the +7 Singing Sword {vorpal, sonic wave}
   (You found it on level 5 of the Dungeon)

   It inflicts extra damage upon your enemies.
   It radiates damaging sonic waves as it strikes, especially in combat
   involving dangerous or numerous foes.
 u - the +7 pair of quick blades "Gyre" and "Gimble" {protect}
   (You found it on level 10 of the Dungeon)

   It grants its wielder temporary protection when it strikes (+7 to AC).
 V - a +3 arbalest
 W - the +0 flail "Leviticus" {spect, rPois rN+}
   (You found it on level 5 of the Lair of Beasts)

   When its wielder attacks, the weapon's spirit leaps out and strikes again.
   The spirit shares a part of any damage it takes with its wielder.
   rPois:     It protects you from poison.
   rN:        It protects you from negative energy.
 Y - the +4 spear "Globulus" {pain, Contam MP-9 Str+10 Dex+6}
   (You found it on level 6 of the Lair of Beasts)

   In the hands of one skilled in necromantic magic, it inflicts extra damage on
   living creatures.
   Str:       It affects your strength (+10).
   Dex:       It affects your dexterity (+6).
   MP:        It affects your magic capacity (-9).
   Contam:    It causes magical contamination when unequipped.
Missiles
 a - 44 poisoned darts
 k - 495 stones
 p - 4 silver javelins
 y - 229 bolts
 z - 3 throwing nets
 F - 6 boomerangs (quivered)
 P - 701 arrows
 Z - 100 sling bullets
Armour
 m - a +1 hat of willpower (worn)
 o - the +3 pair of gauntlets of War (worn) {Slay+5}
   (You bought it in a shop on level 7 of the Dungeon)

   Slay:      It affects your accuracy & damage with ranged weapons and melee
   (+5).
 t - a +0 cloak (worn)
 A - a +0 buckler (worn)
 B - the +1 ring mail "Mifeukla" {rF- rC++ Will+++}
   (You found it on level 1 of the Elven Halls)

   rF:        It makes you vulnerable to fire.
   rC:        It greatly protects you from cold.
   Will:      It greatly increases your willpower.
 D - the +3 pair of boots "Koagg" (worn) {rN+++ Regen+ Int-3 Stlth-}
   (You found it on level 11 of the Dungeon)

   Int:       It affects your intelligence (-3).
   rN:        It renders you almost immune to negative energy.
   Regen:     It increases your rate of health regeneration.
   Stlth:     It makes you less stealthy.
 I - a +7 plate armour (worn)
 J - the +0 pair of fencer's gloves {Riposte Dex+3}
   (You acquired it on level 9 of the Dungeon)

   It allows the wearer to riposte with melee weapons, swiftly retaliating
   against missed attacks.
   Dex:       It affects your dexterity (+3).
 O - the +1 scale mail of Kleptomania {Fly rC- Str+9 Int-3}
   (You found it on level 7 of the Dungeon)

   Str:       It affects your strength (+9).
   Int:       It affects your intelligence (-3).
   rC:        It makes you vulnerable to cold.
   Fly:       It grants you flight.
Jewellery
 f - a ring of wizardry
 h - an amulet of regeneration (around neck)
 j - an amulet of magic regeneration
 C - a ring of flight
 G - a ring of protection from fire (left hand)
 R - an amulet of the acrobat
 U - a ring of protection from cold (right hand)
Wands
 b - a wand of flame (14)
 w - a wand of polymorph (4)
 L - a wand of digging (16)
 M - a wand of mindburst (4)
 Q - a wand of paralysis (16)
 S - a wand of acid (16)
 T - a wand of charming (5)
Scrolls
 c - 2 scrolls of enchant weapon
 l - 3 scrolls of magic mapping
 q - 7 scrolls of teleportation
 v - 6 scrolls of summoning
 x - 2 scrolls of fear
 N - a scroll of brand weapon
 X - 3 scrolls of fog
Potions
 e - 3 potions of mutation
 g - 5 potions of heal wounds
 n - 8 potions of curing
 r - 5 potions of might
 s - a potion of resistance
 E - 3 potions of cancellation
 H - 4 potions of haste
 K - 2 potions of invisibility


   Skills:
 + Level 18.6 Fighting
 + Level 3.9(12.7) Short Blades
 + Level 20.1(20.2) Long Blades
 + Level 4.4 Axes
 + Level 2.9(7.2) Slings
 + Level 9.5(9.7) Throwing
 + Level 18.2 Armour
 + Level 6.3 Dodging
 + Level 7.9 Stealth


You had 15 spell levels left.
You didn't know any spells.
Your spell library contained the following spells:

 Spells                   Type           Power      Damage    Failure   Level
 Animate Skeleton         Necr           0%         N/A       100%        1
 Beastly Appendage        Tmut           0%         N/A       100%        1
 Pain                     Necr           0%         1d4       100%        1
 Wereblood                Tmut           0%         N/A       100%        2
 Call Canine Familiar     Summ           0%         N/A       100%        3
 Conjure Flame            Conj/Fire      0%         6-21      100%        3
 Dazzling Flash           Conj/Hex       0%         N/A       100%        3
 Ignite Poison            Fire/Tmut/Pois 0%         N/A       100%        3
 Portal Projectile        Hex/Tloc       0%         N/A       100%        3
 Spider Form              Tmut/Pois      0%         N/A       100%        3
 Vampiric Draining        Necr           0%         2d6       100%        3
 Animate Dead             Necr           0%         N/A       100%        4
 Ice Form                 Ice/Tmut       0%         N/A       100%        4
 Iskenderun's Mystic Bla  Conj/Tloc      0%         2d3       100%        4
 Leda's Liquefaction      Hex/Erth       0%         N/A       100%        4
 Sticky Flame             Conj/Fire      0%         2d3       100%        4
 Summon Ice Beast         Ice/Summ       0%         N/A       100%        4
 Iskenderun's Battlesphe  Conj           0%         2d6       100%        5
 Metabolic Englaciation   Hex/Ice        0%         N/A       100%        5
 Summon Mana Viper        Hex/Summ       0%         N/A       100%        5
 Iron Shot                Conj/Erth      0%         9d1       100%        6
 Starburst                Conj/Fire      0%         6d3       100%        6
 Haunt                    Necr/Summ      0%         N/A       100%        7
 Monstrous Menagerie      Summ           0%         N/A       100%        7
 Spellforged Servitor     Conj/Summ      0%         N/A       100%        7
 Borgnjor's Revivificati  Necr           0%         N/A       100%        8
 Infestation              Necr           0%         N/A       100%        8
 Necromutation            Tmut/Necr      0%         N/A       100%        8
 Death's Door             Necr           0%         N/A       100%        9
 Polar Vortex             Ice            0%         N/A       100%        9


Dungeon Overview and Level Annotations

Branches:
Dungeon (12/15)            Temple (1/1) D:4            Lair (6/6) D:9
 Shoals (0/4) Lair:2       Spider (0/4) Lair:3        Slime (0/5) Lair:5
    Orc (2/2) D:11            Elf (3/3) Orc:2        Bailey (visited)
  IceCv (visited)

Altars:
Ashenzari
Cheibriados
Dithmenos
Elyvilon
Fedhas
Gozag
Hepliaklqana
Kikubaaqudgha
Makhleb
Nemelex Xobeh
Okawaru
Qazlal
Ru
Sif Muna
Trog
Uskayaw
Vehumet
Wu Jian
Xom
Yredelemnul
Zin
The Shining One
Beogh
Jiyva
Lugonu

Shops:
D:7 [   D:10 [   Orc:2 =(*!

Portals:
Abyss: Lair:6
Pandemonium: Orc:2

Annotations:
D:5 3 runed translucent doors, Zeld's ghost, novice HOFi
D:12 3 runed translucent doors, Erolcha
Elf:3 Nikola


Innate Abilities, Weirdness & Mutations

Your life essence is reduced to manifest your ancestor. (-10% HP)
You have a pair of horns on your head.
You reflexively headbutt those who attack you in melee.


Message History

The earth elemental hits you!
The Brimstone Fiend calls on the powers of darkness!
The deep elf death mage convulses!
Your body is wracked with pain!
* * * LOW HITPOINT WARNING * * *
The deep elf demonologist convulses!
The deep elf elementalist convulses!
The deep elf death mage convulses!
The deep elf sorcerer convulses!
The deep elf demonologist convulses!
You hear a shout! x2
The deep elf sorcerer points at you and mumbles some strange words.
You resist with almost no effort.
The deep elf elementalist points next to the deep elf death mage and mumbles some strange words.
Some walls begin to move on their own!
You block the earth elemental's attack.
The deep elf sorcerer casts a spell at you.
You resist with almost no effort. The ice devil closely misses you.
You furiously retaliate!
You headbutt the ice devil!
The Brimstone Fiend calls on the powers of darkness!
The deep elf death mage convulses!
Your body is wracked with pain!
* * * LOW HITPOINT WARNING * * *
The deep elf elementalist convulses!
The deep elf demonologist convulses!
The deep elf death mage convulses!
The deep elf sorcerer convulses!
The deep elf demonologist convulses!
You hear a shout!
The deep elf demonologist mumbles some strange words.
You block the earth elemental's attack.
The deep elf sorcerer points at you and mumbles some strange words.
The bolt of acid hits you!!
* * * LOW HITPOINT WARNING * * *
The acid corrodes you!
The deep elf demonologist mumbles some strange words.
You see here a +0 dagger.
The deep elf death mage gestures at you while chanting.
The bolt of negative energy hits the earth elemental.
The earth elemental completely resists.
The bolt of negative energy hits the earth elemental.
The earth elemental completely resists.
The bolt of negative energy misses you.
The deep elf elementalist casts a spell at itself.
You hear rumbling.
The deep elf sorcerer casts a spell at you.
The bolt of acid hits you!!
You die...

### ##..### ##e..##
##ยง ##...###...
#.'......#
##########E....)...
##.....E..2#........
##......e.E1e).......
#....EEE4eEe'...)....
#...@)e*.41E#e1..[...
#.........###........
#.........# ##.......
#.........# +#.)...#
###.....#### ###+###
#.....# #.# #######
## #.# #.


You could see 2 Brimstone Fiends, 2 deep elf death magi, a deep elf sorcerer
(fast), a deep elf elementalist (repels missiles), a shadow demon (summoned), 7
earth elementals, an ice devil (summoned), a red devil (summoned) and a lost
soul (summoned).

Vanquished Creatures
  An acid blob (shapeshifter) (Lair:6)
  The ghost of osoart the Stickfighter, a journeyman DsMo of Qazlal (Elf:2)
  2 deep elf elementalists
  3 deep elf sorcerers
  The ghost of math4jedi the End of an Era, a journeyman HOFi of Qazlal (Lair:4)
  The ghost of Yduoqezo the Blocker, a journeyman TrBe of Trog (Lair:6)
  A white draconian (IceCv)
  A deep elf annihilator (Elf:3)
  An ettin (D:11)
  A deep elf death mage (Elf:3)
  A deep elf high priest (Elf:1)
  Josephine (D:10)
  A catoblepas (Lair:2)
  5 hydras
  A demonspawn (Orc:2)
  4 two-headed ogres
  19 dancing weapons
  11 death yaks
  2 thrashing horrors (Lair:6)
  4 orc high priests (Orc:2)
  12 deep elf knights
  11 deep elf archers
  4 orc knights (Orc:2)
  19 deep elf zephyrmancers
  2 wizards (Elf:1)
  19 deep elf pyromancers
  5 orc sorcerers (Orc:2)
  An ugly thing (Lair:6)
  4 black mambas
  7 elephants
  2 smoke demons (Lair:6)
  2 ice statues (IceCv)
  A gargoyle (D:11)
  11 cane toads
  A torpor snail (Lair:5)
  6 rime drakes
  3 komodo dragons
  2 ancient zymes (Lair:6)
  A troll (Orc:2)
  A hellwing (Orc:2)
  2 large abominations (Lair:6)
  2 polar bears
  19 blink frogs
  10 dream sheep (Lair:6)
  A wyvern (Lair:3)
  3 culicivoras (Lair:3)
  A shadow (D:11)
  2 ynoxinuls
  3 air elementals
  45 yaks
  A spriggan (D:10)
  3 wraiths
  A water elemental (Elf:1)
  2 basilisks
  2 chaos spawn
  Eustachio (D:5)
  3 fire elementals
  Edmund (D:6)
  3 wargs
  14 water moccasins
  A sky beast (D:6)
  An ice beast (D:7)
  19 orc warriors
  2 ogres (Orc:1)
  3 black bears
  3 necrophages
  7 wolves
  9 centaurs
  2 phantoms
  3 lemures (D:6)
  2 kobold brigands
  5 scorpions
  17 bullfrogs
  9 small abominations (Lair:6)
  4 lindwurm simulacra (IceCv)
  3 killer bees (D:10)
  9 wights
  2 howler monkeys
  A bullfrog zombie (D:7)
  A lava snake (D:10)
  4 komodo dragon simulacra (IceCv)
  7 centaur zombies
  3 hounds
  A human zombie (D:7)
  12 orc priests
  3 gnoll shamans
  2 bullfrog skeletons (D:6)
  3 iguanas (D:5)
  3 orc wizards
  Terence (D:2)
  A killer bee zombie (D:5)
  A hound skeleton (D:4)
  A mummy (D:7)
  4 howler monkey zombies (D:7)
  19 gnolls
  3 acid dragon simulacra (IceCv)
  6 adders
  A shadow imp (D:6)
  A white imp (D:7)
  8 steam dragon simulacra (IceCv)
  An ufetubus (D:5)
  An adder skeleton (D:4)
  A worm (D:3)
  5 dart slugs
  37 orcs
  5 endoplasms
  2 giant cockroaches
  6 hobgoblins
  A jackal (D:4)
  3 quokkas
  4 ball pythons
  8 bats
  4 frilled lizards (D:2)
  6 goblins
  10 kobolds
  2 rats
  3 plants
581 creatures vanquished.

Vanquished Creatures (collateral kills)
  A deep elf blademaster (Elf:2)
  Gastronok (Lair:2)
  2 hydras (Lair:5)
  2 death yaks (Lair:6)
  A radroach (shapeshifter) (Elf:1)
  An orc high priest (Orc:2)
  8 dancing weapons
  5 deep elf knights
  A deep elf archer (Elf:1)
  3 orc knights
  Pikel (D:6)
  7 deep elf pyromancers
  An orc sorcerer (Orc:2)
  An ugly thing (Lair:6)
  8 deep elf zephyrmancers
  3 elephants
  An ice statue (D:11)
  2 smoke demons (Lair:6)
  6 cane toads
  2 rime drakes
  A komodo dragon (Lair:5)
  A polar bear (Lair:6)
  A red devil (Orc:2)
  A troll (D:11)
  A dream sheep (Lair:6)
  8 blink frogs
  An air elemental (Elf:1)
  14 yaks
  A wraith (D:10)
  2 wyverns
  2 culicivoras (Lair:3)
  A warg (Orc:2)
  An acid dragon (D:11)
  A water moccasin (Lair:3)
  2 small abominations (Lair:6)
  6 orc warriors
  A black bear (D:5)
  A centaur (Lair:1)
  4 wolves
  4 bullfrogs
  A scorpion (D:5)
  A killer bee (D:10)
  3 wights
  A komodo dragon simulacrum (IceCv)
  5 orc priests (Orc:2)
  A centaur skeleton (D:7)
  2 iguanas
  2 orc wizards
  A howler monkey zombie (D:7)
  3 gnolls
  A howler monkey skeleton (D:5)
  An acid dragon simulacrum (IceCv)
  An adder (D:5)
  17 orcs
  2 goblins
  2 jackals (D:4)
  2 bats (D:5)
  2 bushes
  A fungus (D:9)
  A plant (Lair:4)
161 creatures vanquished.

Vanquished Creatures (others)
  2 deep elf knights
  A deep elf archer (Elf:3)
  A deep elf zephyrmancer (Elf:1)
  A boggart (Elf:1)
  27 battlemagi
  A bush (Lair:6)
  96 fungi
  137 plants
266 creatures vanquished.

Grand Total: 1008 creatures vanquished

Notes
Turn   | Place    | Note
-------+----------+-------------------------------------------
     0 | D:1      | issech the Minotaur Monk began the quest for the Orb.
     0 | D:1      | Reached XP level 1. HP: 19/19 MP: 0/0
   433 | D:1      | Reached XP level 2. HP: 17/27 MP: 1/1
  1139 | D:2      | Reached skill level 1 in Armour
  1378 | D:2      | Reached XP level 3. HP: 9/33 MP: 2/2
  1728 | D:2      | Reached XP level 4. HP: 30/40 MP: 3/3
  1850 | D:2      | Noticed Terence
  1888 | D:2      | Killed Terence
  3151 | D:3      | Reached XP level 5. HP: 43/47 MP: 4/4
  3419 | D:4      | Reached skill level 1 in Short Blades
  3683 | D:4      | Found a staircase to the Ecumenical Temple.
  3702 | D:4      | Reached XP level 6. HP: 35/55 MP: 5/5
  3749 | Temple   | Entered the Ecumenical Temple
  3903 | Temple   | Became a worshipper of Hepliaklqana the Forgotten
  3903 | Temple   | Reached * piety under Hepliaklqana
  3903 | Temple   | Reached ** piety under Hepliaklqana
  3904 | Temple   | Remembered your ancestor Akiya as a battlemage
  4144 | D:4      | Identified the +8 long sword of Voriunn {freeze, rN+ Will++
                  | SInv}
  4283 | D:4      | Reached skill level 5 in Armour
  4596 | D:5      | Entered Level 5 of the Dungeon
  4612 | D:5      | Noticed Eustachio
  4624 | D:5      | Killed Eustachio
  4625 | D:5      | Reached skill level 5 in Fighting
  4625 | D:5      | Reached skill level 1 in Long Blades
  4652 | D:5      | Reached XP level 7. HP: 54/54 MP: 6/6
  4711 | D:5      | Found the +7 Singing Sword {vorpal, sonic wave}
  4836 | D:5      | Reached skill level 2 in Long Blades
  4954 | D:5      | Noticed Zeld's ghost (novice HOFi)
  4966 | D:5      | Found a runed translucent gate.
  5021 | D:5      | Found a runed translucent gate.
  5022 | D:5      | Found a runed translucent gate.
  5034 | D:5      | Found an iron altar of Okawaru.
  5042 | D:5      | Reached skill level 3 in Long Blades
  5161 | D:5      | Reached XP level 8. HP: 56/62 MP: 7/7
  5334 | D:5      | Reached *** piety under Hepliaklqana
  5630 | D:6      | Reached skill level 4 in Long Blades
  5683 | D:6      | Noticed Pikel
  5689 | D:6      | Killed Pikel
  5690 | D:6      | Reached skill level 6 in Long Blades
  5956 | D:6      | Reached skill level 7 in Long Blades
  5956 | D:6      | Reached skill level 1 in Throwing
  5956 | D:6      | Reached skill level 5 in Dodging
  6022 | D:6      | Noticed Edmund
  6030 | D:6      | Killed Edmund
  6031 | D:6      | Reached XP level 9. HP: 68/70 MP: 8/8
  6561 | D:7      | Found a bloodstained altar of Trog.
  6667 | D:7      | Found a radiant altar of Vehumet.
  6677 | D:7      | Identified the +1 scale mail of Kleptomania {Fly rC- Str+9
                  | Int-3}
  6770 | D:7      | Reached skill level 8 in Long Blades
  6938 | D:7      | Found a basalt altar of Yredelemnul.
  6984 | D:7      | Reached skill level 9 in Long Blades
  7176 | D:7      | Found Wikos's Antique Armour Emporium.
  8006 | D:8      | Reached skill level 10 in Long Blades
  8203 | D:8      | Reached **** piety under Hepliaklqana
  8328 | D:8      | Identified the +1 leather armour of Pan-Flutes {rF++ Will-
                  | Slay+2 Stlth+}
  8550 | D:9      | Reached XP level 10. HP: 71/77 MP: 9/9
  8558 | D:9      | Reached skill level 11 in Long Blades
  8572 | D:9      | Found a flagged portal.
  8600 | Bailey   | Entered a bailey
  8988 | Bailey   | Noticed an orc knight
  9210 | Bailey   | Killed an orc knight
  9834 | Bailey   | Noticed an orc knight
  9891 | Bailey   | Killed an orc knight
  9892 | Bailey   | Reached skill level 12 in Long Blades
 10283 | D:9      | Acquired the +0 pair of fencer's gloves {Riposte Dex+3}
 10283 | D:9      | Found the +0 pair of fencer's gloves {Riposte Dex+3}
 10434 | D:9      | Found a staircase to the Lair.
 10451 | D:9      | Found a snail-covered altar of Cheibriados.
 10539 | D:9      | Reached XP level 11. HP: 33/85 MP: 10/10
 10541 | D:9      | Reached skill level 10 in Armour
 10913 | D:9      | Found a blossoming altar of Fedhas.
 11179 | D:10     | Entered Level 10 of the Dungeon
 11273 | D:10     | Noticed Josephine
 11484 | D:10     | Found Ilaz's Armour Shoppe.
 11567 | D:10     | Killed Josephine
 11572 | D:10     | Reached skill level 5 in Stealth
 11751 | D:10     | Found the +3 giant club "Skullcrusher" {speed, Str+7}
 12096 | D:10     | Noticed a two-headed ogre
 12096 | D:10     | Noticed a two-headed ogre
 12100 | D:10     | Killed a two-headed ogre
 12104 | D:10     | Killed a two-headed ogre
 12265 | D:10     | Found the +7 pair of quick blades "Gyre" and "Gimble"
                  | {protect}
 12349 | D:10     | Reached ***** piety under Hepliaklqana
 12509 | D:10     | Noticed a two-headed ogre
 12515 | D:10     | Killed a two-headed ogre
 12516 | D:10     | Reached skill level 13 in Long Blades
 12906 | D:11     | Found a staircase to the Orcish Mines.
 13068 | D:11     | Noticed a two-headed ogre
 13075 | D:11     | Killed a two-headed ogre
 13924 | D:11     | Identified the +3 pair of boots "Koagg" {rN+++ Regen+ Int-3
                  | Stlth-}
 14253 | D:11     | Reached skill level 1 in Slings
 14253 | D:11     | Reached XP level 12. HP: 95/95 MP: 11/11
 14296 | D:11     | Noticed a seven-headed hydra
 14302 | D:11     | Killed a nine-headed hydra
 14303 | D:11     | Reached skill level 5 in Throwing
 14435 | D:12     | Noticed a tengu warrior
 14435 | D:12     | Noticed a tengu warrior
 14435 | D:12     | Noticed a tengu warrior
 14435 | D:12     | Noticed a tengu warrior
 14435 | D:12     | Found a runed translucent gate.
 14435 | D:12     | Found a runed translucent gate.
 14435 | D:12     | Found a runed translucent gate.
 14436 | D:12     | Noticed a death knight
 14488 | D:12     | Noticed Erolcha
 14768 | Lair:1   | Entered Level 1 of the Lair of Beasts
 14834 | Lair:1   | Reached skill level 10 in Fighting
 15048 | Lair:1   | Reached skill level 14 in Long Blades
 15067 | Lair:1   | Found a white marble altar of Elyvilon.
 15538 | Lair:2   | Found a staircase to the Shoals.
 15546 | Lair:2   | Noticed Gastronok
 15558 | Lair:2   | Killed Gastronok
 15567 | Lair:2   | Noticed a six-headed hydra
 15919 | Lair:2   | Noticed a catoblepas
 15932 | Lair:2   | Killed a catoblepas
 15933 | Lair:2   | Reached skill level 15 in Long Blades
 16435 | Lair:2   | Killed a ten-headed hydra
 16684 | Lair:3   | Found a hole to the Spider Nest.
 16882 | Lair:3   | Reached XP level 13. HP: 104/104 MP: 12/12
 17343 | Lair:3   | Reached ****** piety under Hepliaklqana
 18141 | Lair:4   | Found a runed translucent door.
 18150 | Lair:4   | Noticed math4jedi's ghost (journeyman HOFi)
 18542 | Lair:5   | Reached skill level 16 in Long Blades
 18719 | Lair:5   | Found a burning altar of Makhleb.
 18730 | Lair:5   | Found a viscous altar of Jiyva.
 18995 | Lair:5   | Identified the +0 flail "Leviticus" {spect, rPois rN+}
 19099 | Lair:5   | Found a staircase to the Slime Pits.
 19602 | Lair:6   | Entered Level 6 of the Lair of Beasts
 19602 | Lair:6   | Found a runed translucent door.
 19609 | Lair:6   | Noticed Yduoqezo's ghost (journeyman TrBe)
 19929 | Lair:6   | Reached skill level 17 in Long Blades
 19929 | Lair:6   | Reached XP level 14. HP: 107/116 MP: 13/13
 20463 | Lair:6   | Reached skill level 15 in Armour
 20545 | Lair:6   | Noticed an acid blob
 20555 | Lair:6   | Killed an acid blob
 20682 | Lair:6   | Found a corrupted altar of Lugonu.
 20682 | Lair:6   | Found a one-way gate to the infinite horrors of the Abyss.
 20863 | Lair:6   | Reached skill level 15 in Fighting
 21397 | Lair:6   | Killed Yduoqezo's ghost
 21403 | Lair:6   | Identified the +4 spear "Globulus" {pain, Contam MP-9
                  | Str+10 Dex+6}
 21502 | Lair:4   | Killed math4jedi's ghost
 21840 | D:7      | Bought the +3 pair of gauntlets of War {Slay+5} for 1235
                  | gold pieces
 21840 | D:7      | Found the +3 pair of gauntlets of War {Slay+5}
 22216 | Orc:1    | Entered Level 1 of the Orcish Mines
 22227 | D:11     | Reached skill level 18 in Long Blades
 22426 | Orc:2    | Entered Level 2 of the Orcish Mines
 22454 | Orc:2    | Found a frozen archway.
 22470 | IceCv    | Entered an ice cave
 22724 | IceCv    | Got Sif Muna's Almanac of the Snowflakes
 23441 | Orc:2    | Reached XP level 15. HP: 96/126 MP: 14/14
 23447 | Orc:2    | Found Hootz's General Store.
 23459 | Orc:2    | Found Reoq Nole's Distillery.
 23679 | Orc:2    | Found Koguviri's Antique Weapon Emporium.
 23679 | Orc:2    | Found a one-way gate leading to the halls of Pandemonium.
 23679 | Orc:2    | Found Jyunn's Jewellery Shoppe.
 23801 | Orc:2    | Found a staircase to the Elven Halls.
 24213 | Elf:1    | Entered Level 1 of the Elven Halls
 24297 | Elf:1    | You fall into a shaft and drop 1 floor!
 24365 | Elf:2    | Paralysed by an air elemental for 1 turns
 24685 | Elf:1    | Noticed a deep elf sorcerer
 24742 | Elf:1    | Reached skill level 19 in Long Blades
 24799 | Elf:1    | Paralysed by an air elemental for 1 turns
 25052 | Elf:1    | Noticed an emperor scorpion
 25052 | Elf:1    | a ghost moth changed into an emperor scorpion
 25055 | Elf:1    | an emperor scorpion changed into a quicksilver ooze
 25329 | Elf:1    | Identified the +1 ring mail "Mifeukla" {rF- rC++ Will+++}
 25488 | Elf:1    | Killed a deep elf sorcerer
 25700 | Elf:1    | Noticed a deep elf sorcerer
 25709 | Elf:1    | Killed a deep elf sorcerer
 26227 | Elf:2    | Reached XP level 16. HP: 106/139 MP: 15/15
 26559 | Elf:2    | Found a large runed translucent door.
 26559 | Elf:2    | Found a large runed translucent door.
 26559 | Elf:2    | Noticed osoart's ghost (journeyman DsMo)
 26586 | Elf:2    | Killed osoart's ghost
 26773 | Elf:2    | Found a runed translucent gate.
 26776 | Elf:2    | Found a runed translucent gate.
 26776 | Elf:2    | Found a runed translucent gate.
 27055 | Elf:2    | Noticed a deep elf blademaster
 27068 | Elf:2    | Killed a deep elf blademaster
 27714 | Elf:3    | Entered Level 3 of the Elven Halls
 27728 | Elf:3    | Noticed Nikola
 27880 | Elf:3    | Reached skill level 20 in Long Blades
 28252 | Elf:3    | Paralysed by an air elemental for 1 turns
 28560 | Elf:3    | Noticed a Brimstone Fiend
 28564 | Elf:3    | Noticed a Brimstone Fiend
 28565 | Elf:3    | Noticed a Tzitzimitl
 28569 | Elf:3    | Killed from afar by a deep elf sorcerer

Illustrated notes

Levels and vault maps discovered:
D:1:      denvon_arrival_planthouse, layout_loops_ring, hex_tiny
D:2:      layout_basic, uniq_terence
D:3:      layout_loops_ring
D:4:      layout_gridville, minmay_temple_entry_proselytizer
D:5:      old_forge, layout_gridville, okawaru_metal_pillars_1_2,
          gammafunk_ghost_split, minmay_misc_feat_x, hangedman_decor_riveting,
          uniq_eustachio
D:6:      layout_basic, uniq_edmund, uniq_pikel
D:7:      layout_loops_corners, nicolae_vehumet_altar_sigil,
          lemuel_mausoleum_altar_yredelemnul, old_standard_altar, serial_shops,
          nicolae_shop_waterfront
D:8:      layout_loops_ring, serial_glass, glass_columns_a, glass_columns_a,
          glass_columns_c, glass_columns_a
D:9:      layout_cave_pools, mainiacjoe_overflow_tiny_flanked,
          mainiacjoe_overflow_alcove_4, grunt_lair_entry_orc_guard_hut,
          enter_bailey_3
D:10:     layout_roguey, serial_shops, nicolae_inconvenience_store,
          hellmonk_guarded_unrand_gyre_and_gimble, uniq_josephine
D:11:     lemuel_ice_statue, layout_basic, orc_0_dummy, serial_corexii_hall,
          chequers_hall_statues_wall_a, corexii_hall_statues_t,
          chequers_hall_statues_wall_a, corexii_hall_statues_x,
          corexii_hall_statues_t, chequers_hall_statues_wall_a
D:12:     layout_cave_pools, gammafunk_ghost_fury_of_okawaru, serial_shops,
          shop, nicolae_rejected_hall, uniq_erolcha, uniq_jorgrun
Temple:   eino_temple_rhombus
Lair:1:   layout_hall_layers, lemuel_centaur_altar, grunt_megastairs_4
Lair:2:   layout_regular_city, minmay_shoals_entry_centaurs,
          eino_small_chamber_without_monster, beast_lair_carwin_11,
          uniq_gastronok
Lair:3:   layout_regular_city, hellmonk_spider_entry_life_and_decay,
          beast_lair_carwin_5
Lair:4:   layout_regular_city, ebering_ghost_inner_flame, minivault_27,
          grunt_megastairs_1
Lair:5:   nzn_winding_woodlands_three_and_one [nzn_winding_woodlands_5x15_cabin,
          nzn_winding_woodlands_5x15_pockets, nzn_winding_woodlands_5x15_twine,
          nzn_winding_woodlands_center_triple_pond], layout_misc_corridors,
          slime_altar_1, basic_altar
Lair:6:   hellmonk_lair_end_abyssal_woods, layout_long_grid,
          ebering_ghost_reflecting_pool, chequers_serial_rivers_room_a
Orc:1:    layout_caves
Orc:2:    pf_orc_diabolical, layout_diamond_mine, portal_ice_cave_rime,
          basic_altar
Elf:1:    nicolae_elf_arrival_aired_out, layout_loops_corners,
          hangedman_elf_disciples, minivault_26, grunt_megastairs_3
Elf:2:    nicolae_elf_blades_crystal_corner, layout_gridlike,
          ebering_ghost_disaster_area
Elf:3:    minmay_elf_hall_not_hex, layout_geoelf_grid, uniq_nikola, uniq_donald

Skill      XL: |  1  2  3  4  5  6  7  8  9 10 11 12 13 14 15 16 |
---------------+-------------------------------------------------+-----
Axes           | 4 |  4.4
Fighting       | 4 5 6 7 8 9 11 13 15 17 18 | 18.6
Armour         | 1 2 3 4 5 6 7 8 9 11 12 14 15 16 18 | 18.2
Short Blades   | 2 3 |  3.9
Long Blades    | 1 3 7 10 12 13 15 17 18 19 20 | 20.1
Dodging        | 4 5 6 |  6.3
Stealth        | 2 4 5 6 7 |  7.9
Throwing       | 1 3 4 6 7 9 |  9.5
Slings         | 1 2 |  2.9

Action                   |  1- 3 |  4- 6 |  7- 9 | 10-12 | 13-15 | 16-18 || total
-------------------------+-------+-------+-------+-------+-------+-------++-------
Melee: Hand axe          |    51 |       |       |       |       |       ||    51
       Headbutt          |    11 |    11 |    36 |    68 |   169 |    65 ||   360
       Dagger            |    20 |    10 |       |       |       |       ||    30
       Punch             |     1 |     2 |     2 |     3 |    14 |     1 ||    23
       Short sword       |       |    90 |       |       |       |       ||    90
       Long sword        |       |    15 |    51 |    51 |   299 |   220 ||   636
       Double sword      |       |       |   121 |   231 |   383 |       ||   735
 Fire: Hunting sling     |       |       |       |    15 |       |       ||    15
Throw: Stone             |     2 |     8 |       |       |       |       ||    10
       Boomerang         |       |       |     3 |   102 |    52 |    13 ||   170
Invok: Ancestor Life: Ba |       |     1 |       |       |       |       ||     1
       Recall Ancestor   |       |       |       |       |     1 |       ||     1
  Use: Scroll            |       |       |     8 |    17 |     9 |     1 ||    35
       Potion            |       |       |       |     2 |     5 |       ||     7
 Stab: Sleeping          |       |       |     6 |       |       |       ||     6
       Distracted        |       |       |     2 |     8 |    15 |     4 ||    29
Armor: Robe              |     2 |       |       |       |       |       ||     2
       Leather armour    |     1 |       |       |       |       |       ||     1
       Chain mail        |    17 |    52 |       |       |       |       ||    69
       Ring mail         |       |    15 |    67 |       |       |       ||    82
       Plate armour      |       |       |     1 |   135 |   355 |   166 ||   657
Dodge: Dodged            |    26 |    44 |    74 |   127 |   243 |    86 ||   600
Block: Buckler           |       |       |       |       |       |     3 ||     3
       Rpst.: Double sword |       |       |       |    23 |    18 |       ||    41
       Long sword        |       |       |       |     2 |    26 |       ||    28
